[Event "*** Titled Tuesday 3|2 Blitz"]
[Site "Chess.com"]
[Date "2017.03.07"]
[Round "6"]
[White "rithwik2002"]
[Black "WanderingPuppet"]
[Result "0-1"]
[WhiteElo "1797"]
[BlackElo "2340"]
[TimeControl "180+2"]
[EndTime "14:27:43 PST"]
[Termination "WanderingPuppet won by resignation"]

1. d4 Nf6 2. Bf4 g6 3. Nc3 Bg7 4. e4 O-O 5. Nf3 c5 6. dxc5 Qa5 7. Qd2 Qxc5 8. Be2 d6 9. O-O Nc6 10. Be3 Qa5 11. a3 Bg4 12. h3 Bxf3 13. Bxf3 Nd7 14. b4 Qd8 15. Rad1 Rc8 16. Be2 Nxb4 17. axb4 Bxc3 18.
Qd3 Bg7 19. Bxa7 Ne5 20. Qe3 Rxc2 21. Bd4 Qc8 22. f4 Nc6 23. Bxg7 Kxg7 24. b5 Nd8 25. Bd3 Qc5 26. Qxc5 Rxc5 27. Kf2 Ne6 28. Ke3 b6 29. Rc1 Rfc8 30. Ra1 Rc3 31. g3 Nc5 32. Rfd1 Rc7 33.
Rac1 Nb3 34. Rxc3 Rxc3 35. Rb1 Nc5 36. Rd1 Rb3 37. Kd4 Nxd3 38. Rxd3 Rxb5 39. Ra3 Kf6 40. g4 h6 41. h4 e5+ 42. fxe5+ dxe5+ 43. Kc4 Rb1 44. Rf3+ Ke6 45. g5 hxg5 46. hxg5 b5+ 47. Kc3 Re1 48. Kd3 Rg1 49. Rf6+ Ke7 50. Rb6 b4 51. Rxb4 Rxg5 52. Ke3 Rg3+ 53. Kf2 Rc3 54. Rb7+ Kf6 55. Rb6+ Kg5 56. Rb7 f6 57. Rf7 Rd3 58. Kg2 f5 59. Re7 Kf4 60. Rg7 Rg3+ 61. Kf2 Rf3+ 62.
Kg2 Re3 63. exf5 gxf5 64. Rh7 e4 65. Rh4+ Ke5 66. Kf2 Ra3 67. Ke2 Kd4 68. Rh8 Ra2+ 69. Kd1 Ke3 70. Rh3+ Kd4 71. Rh8 f4 72. Rd8+ Ke3 73.
Rh8 f3 74. Re8 f2 75. Rf8 Ra1+ 0-1

[Event "*** Titled Tuesday 3|2 Blitz"]
[Site "Chess.com"]
[Date "2017.03.07"]
[Round "6"]
[White "SwiftyMcBishop"]
[Black "eldur16"]
[Result "1-0"]
[WhiteElo "2213"]
[BlackElo "2322"]
[TimeControl "180+2"]
[EndTime "14:27:44 PST"]
[Termination "SwiftyMcBishop won by resignation"]

1. e4 e5 2. Nf3 Nc6 3. d4 exd4 4. Nxd4 Nf6 5. Nc3 Bb4 6. Nxc6 bxc6 7. Bd3 O-O 8. O-O d5 9. exd5 cxd5 10. Bg5 c6 11. Qf3 Bd6 12. h3 Be6 13. Rfe1 Rb8 14. Rab1 Re8 15.
Ne2 c5 16. Nf4 h6 17. Nxe6 fxe6 18. Bh4 Rb4 19. Bg3 Bxg3 20. Qxg3 Qb8 21. Qxb8 Rbxb8 22. c4 Kf7 23. f4 Rb4 24. b3 a5 25. f5 d4 26. Re5 Nd7 27. fxe6+ Rxe6 28. Rd5 Ne5 29. Bf5 Re7 30. Rxc5 a4 31. bxa4 Rxa4 32. Rf1 Ra6 33. Be4+ Rf6 34. Rxf6+ Kxf6 35. Rd5 Ra7 36. Rxd4 Rxa2 37.
Bd5 g5 38. Kf1 Rc2 39. Ke1 h5 40. Kd1 Ra2 41. Kc1 g4 42. hxg4 hxg4 43. Kb1 Rf2 44.
c5 Ke7 45. Re4 Rf5 46. Kb2 Kd7 47. Kc3 Kc7 48. Kd4 Nc6+ 49. Bxc6 Kxc6 50. Re6+ Kc7 51. Rg6 Rf4+ 52. Kd5 Rf5+ 53. Kc4 Rf1 54. Rxg4 Rc1+ 55. Kd5 Rd1+ 56. Rd4 Rg1 57. g4 Rg2 58. Ke6 Kc6 59.
Rf4 Kxc5 60. Kf6 Kd5 61. g5 Ra2 62. g6 Ra6+ 63. Kf5 Ra8 64. g7 Kd6 65. Rg4 Rg8 66.
Kf6 Kd7 67. Kf7 Rxg7+ 68. Kxg7 Ke6 69. Kg6 1-0

[Event "*** Titled Tuesday 3|2 Blitz"]
[Site "Chess.com"]
[Date "2017.03.07"]
[Round "6"]
[White "Schemato"]
[Black "JeremDev"]
[Result "0-1"]
[WhiteElo "2267"]
[BlackElo "2232"]
[TimeControl "180+2"]
[EndTime "14:27:49 PST"]
[Termination "JeremDev won on time"]

1. c4 b5 2. cxb5 a6 3. e4 axb5 4. Bxb5 Bb7 5. Nc3 e5 6. Nf3 Bd6 7. d4 Nc6 8. Bxc6 Bxc6 9. dxe5 Bc5 10. O-O Ne7 11. Re1 O-O 12. Be3 Bxe3 13. Rxe3 Ng6 14. Nd5 Re8 15. Qd4 Ra4 16. Qc3 h5 17. h3 h4 18. b3 Ra7 19. a4 Qb8 20. a5 Bxd5 21. exd5 Nf4 22. Qc4 Ng6 23. a6 Qb6 24. b4 Rb8 25. Rb3 Qb5 26. Qc3 Qxd5 27. Ra5 Qd1+ 28.
Kh2 Rb6 29. b5 Qd5 30. Rb4 d6 31. Rd4 Qe6 32. exd6 Rxd6 33. Rxd6 Qxd6+ 34. Kg1 Nf4 35. Qd2 Qf6 36. Ra3 Ra8 37. Kh2 Ng6 38. Rd3 Nf4 39. Rd4 Ng6 40. Qg5 Qb6 41. Qd5 Rf8 42. Nxh4 Nxh4 43. Rxh4 Rb8 44. Rb4 Qa7 45. Kg1 Qb6 46. g3 Re8 47. h4 Re1+ 48. Kg2 Re8 49. Ra4 Re2 50. Qd4 Qe6 51. Rc4 Qf5 52. Qf4 Qd5+ 53. Kf1 Qd1+ 54. Kg2 Qd5+ 55. Kh2 Re1 56. Kh3 Rh1+ 57.
Kg4 Qe6+ 58. Kf3 Re1 59. Re4 Qb3+ 60. Re3 Qd5+ 61. Qe4 Qd1+ 62. Kf4 Rf1 63. Qe8+ Kh7 64. Qe4+ g6 65. f3 Qd6+ 66. Qe5 Qb4+ 67. Re4 Qd2+ 68. Re3 Qb4+ 69. Qe4 Qd6+ 70. Qe5 Qb4+ 71. Kg5 Rc1 72.
f4 Rc5 0-1

[Event "*** Titled Tuesday 3|2 Blitz"]
[Site "Chess.com"]
[Date "2017.03.07"]
[Round "6"]
[White "Danhy"]
[Black "amaidel"]
[Result "0-1"]
[WhiteElo "2343"]
[BlackElo "2448"]
[TimeControl "180+2"]
[EndTime "14:27:59 PST"]
[Termination "amaidel won on time"]

1. c4 f5 2. g3 Nf6 3. Bg2 g6 4. Nc3 Bg7 5. d3 O-O 6. e4 d6 7. Nge2 e5 8. O-O Nc6 9. h3 f4 10. gxf4 Nh5 11. fxe5 dxe5 12. Nd5 h6 13. f4 exf4 14. Nexf4 Bd4+ 15. Kh2 Be5 16. Kg1 Bd4+ 17. Kh2 Qd6 18. Rf3 Ne5 19. Rf1 c6 20. Nc3 Nxd3 21.
Qxd3 Nxf4 22. e5 Bxe5 23. Qxd6 Bxd6 24. Ne4 Be5 25. Bxf4 Rxf4 26. Rxf4 Bxf4+ 27. Kg1 Bf5 28. Rd1 Kg7 29. Kf2 Re8 30. Ng3 Bc8 31. Ne4 Be5 32. b3 h5 33. Rd3 Bf5 34. Rd2 Bf4 35. Nd6 Bxd6 36. Rxd6 Kf7 37. b4 Ke7 38. Rd4 Be6 39. b5 c5 40. Re4 b6 41. a4 Kf6 42. Bf1 Rd8 43. Rf4+ Ke5 44. Ke3 Rd1 45. Be2 Ra1 46. Re4+ Kd6 47. Rf4 Ra3+ 48. Kd2 Rxa4 49. Rf6 Ke5 50.
Rxg6 Bxc4 51. Rg5+ Kf4 52. Rxh5 Ra2+ 53. Kc3 Bxe2 54. Rh7 Bxb5 55. Rf7+ Kg3 56. h4 Kxh4 57. Kb3 Ra5 58. Kb2 Kg5 59. Kb1 Kg6 60. Rc7 Bd3+ 61. Kc1 c4 62. Rc6+ Kf5 63. Rc8 b5 64. Rc5+ Ke4 65. Kb2 Kd4 66. Rh5 a6 67. Rh4+ Kc5 68.
Kc3 Ra3+ 69. Kb2 Kb4 70. Rf4 Rb3+ 71. Ka2 Rc3 72. Ka1 Rc2 0-1

[Event "*** Titled Tuesday 3|2 Blitz"]
[Site "Chess.com"]
[Date "2017.03.07"]
[Round "6"]
[White "Buffy7"]
[Black "Zhani-Z"]
[Result "1/2-1/2"]
[WhiteElo "2493"]
[BlackElo "2330"]
[TimeControl "180+2"]
[EndTime "14:28:44 PST"]
[Termination "Game drawn - insufficient material"]

1. c4 c5 2. g3 g6 3. Bg2 Bg7 4. Nc3 Nc6 5. Nf3 e5 6. a3 Nge7 7. Rb1 a5 8. O-O O-O 9. Ne1 d6 10. Nc2 Be6 11. Ne3 Rb8 12. d3 f5 13.
Ned5 h6 14. Bd2 Kh7 15. b4 axb4 16. axb4 cxb4 17. Nxb4 Nxb4 18. Rxb4 d5 19. cxd5 Nxd5 20. Nxd5 Bxd5 21. Bxd5 Qxd5 22. Qb3 Qxb3 23. Rxb3 Rfc8 24. e4 Rd8 25. Be3 Rd7 26. Rfb1 Rbd8 27. Bb6 Rc8 28. Kf1 fxe4 29. dxe4 Rc4 30. f3 Rc2 31. Bg1 Rcc7 32. Bb6 Rc2 33. Bg1 Rcc7 34. h4 Bf6 35. Kg2 Kg7 36.
Kh3 h5 37. Bb6 Rc2 38. Ba5 Rf2 39. Rxb7 Rxb7 40. Rxb7+ Kg8 41. Rb3 Kf7 42. Bb6 Rf1 43. Kg2 Rd1 44. Be3 Ra1 45. Rb2 Ra3 46. Kf2 Rc3 47.
Ke2 Ra3 48. Rb7+ Ke6 49. Rb6+ Kf7 50. Rb2 Rc3 51. Bd2 Ra3 52. Bb4 Ra1 53. Rd2 Ra4 54. Rd7+ Ke6 55. Rb7 Ra2+ 56. Ke3 Rg2 57. Be1 Ra2 58.
Rb6+ Kf7 59. Rb3 Ra1 60. Ke2 Ra2+ 61. Bd2 Ra1 62. Rb6 Ra2 63. Rb1 Ra3 64. Rc1 Ra2 65. Kd3 Ra3+ 66. Bc3 Ra2 67. Rc2 Ra3 68. Rc1 Ra2 69.
Rc2 Ra3 70. Rb2 Ra4 71. Rb7+ Ke6 72. f4 Ra6 73. Rb4 Rc6 74. Bb2 Rd6+ 75. Ke2 Ra6 76. Rb5 exf4 77. Bxf6 Kxf6 78. gxf4 Ra3 79. Rb6+ Kf7 80.
Rb7+ Kf6 81. Rb6+ Kf7 82. Rd6 Rh3 83. Rd3 Rxh4 84. Ke3 Rh3+ 85. Kd4 Rxd3+ 86. Kxd3 Ke6 87. Ke3 Kf6 88. Kf3 Ke6 89. Kg3 Kf7 90. Kh4 Kf6 91.
Kh3 g5 92. e5+ Kf5 93. fxg5 Kxg5 94. e6 Kf6 95. Kh4 Kxe6 96. Kxh5 1/2-1/2

[Event "*** Titled Tuesday 3|2 Blitz"]
[Site "Chess.com"]
[Date "2017.03.07"]
[Round "6"]
[White "igorkovalenko"]
[Black "Genghis_K"]
[Result "1-0"]
[WhiteElo "2708"]
[BlackElo "2711"]
[TimeControl "180+2"]
[EndTime "14:28:53 PST"]
[Termination "igorkovalenko won by resignation"]

1. c4 Nf6 2. Nc3 g6 3. e4 d6 4. d4 Bg7 5. f3 O-O 6. Be3 c5 7.
dxc5 dxc5 8. Qxd8 Rxd8 9. Bxc5 Nc6 10. Be3 Be6 11. Rc1 Nb4 12. Kf2 Rac8 13. b3 Nd3+ 14.
Bxd3 Rxd3 15. Nge2 a6 16. Rhd1 Rxd1 17. Rxd1 Kf8 18.
Nd4 Bd7 19. a4 Ke8 20. Ke2 e6 21. Kd3 Rd8 22. Kc2 Rc8 23. g4 h5 24. h3 Bf8 25. e5 Ng8 26. f4 Nh6 27. Ne4 Be7 28. g5 Nf5 29. Nxf5 exf5 30. Nd6+ Bxd6 31. exd6 Bc6 32. Bd4 Kd7 33. Be5 b5 34. axb5 axb5 35. Kc3 bxc4 36. bxc4 Ra8 37. h4 Ra3+ 38. Kd4 Ra8 39.
Re1 Bf3 40. Re3 Be4 41. Rb3 Bc6 42. Rb6 Be4 43. Bf6 Bc6 44. Be7 Ra5 45. Rb2 Ke6 46. Rb8 Ra8 47. Rb6 Rc8 48. Ra6 Bb7 49. Ra7 Bc6 50.
Bf6 Bd7 51. Be5 Rb8 52. Rc7 Rc8 53. Rb7 Ra8 54. Kc5 Rc8+ 55. Kb4 Ra8 56. Kc5 Rc8+ 57.
Kd4 Ra8 58. Rc7 Rc8 59. Ra7 Rb8 60. c5 Rb4+ 61. Kc3 Rb1 62. Kd2 Rb8 63. c6 Bxc6 64.
Re7+ Kd5 65. Rxf7 Rd8 66. Rg7 Be8 67. Kc3 Rd7 68. Rg8 Bf7 69. Rc8 Be6 70. Re8 Bf7 71. Ra8 Be6 72. Ra5+ Ke4 73. Kb4 Rb7+ 74. Kc5 Bd7 75.
Ra8 Kd3 76. Ra3+ Ke4 77. Ra5 Kd3 78. Kd5 Rb3 79. Bd4 Rb4 80. Bc5 Re4 81. Ra3+ Kc2 82.
Ra7 Be6+ 83. Kc6 Rxf4 84. Re7 Re4 85. Rg7 f4 86. Rxg6 Bg4 87. Rf6 f3 88. g6 Re6 89.
Rxe6 Bxe6 90. d7 f2 91. Bxf2 Bxd7+ 92. Kxd7 1-0

[Event "*** Titled Tuesday 3|2 Blitz"]
[Site "Chess.com"]
[Date "2017.03.07"]
[Round "7"]
[White "morphy1984"]
[Black "Buffy7"]
[Result "0-1"]
[WhiteElo "2479"]
[BlackElo "2503"]
[TimeControl "180+2"]
[EndTime "14:31:43 PST"]
[Termination "Buffy7 won by resignation"]

1. e4 c5 2. Nf3 Nc6 3. d4 cxd4 4.
Nxd4 Nf6 5. Nc3 e5 6. Ndb5 d6 7. Bg5 a6 8. Na3 Be6 9. Nc4 Rb8 10. Nd5 Bxd5 11. Bxf6 Qxf6 12. Qxd5 Nb4 13. Qd2 d5 14.
exd5 Rd8 15. Ne3 Bc5 16. Bc4 Bxe3 17. fxe3 Qh4+ 0-1

[Event "*** Titled Tuesday 3|2 Blitz"]
[Site "Chess.com"]
[Date "2017.03.07"]
[Round "7"]
[White "Tirantes"]
[Black "JaimeSantosLatasa"]
[Result "1-0"]
[WhiteElo "2274"]
[BlackElo "2559"]
[TimeControl "180+2"]
[EndTime "14:33:37 PST"]
[Termination "Tirantes won by resignation"]

1. e4 e6 2. d4 d5 3. Nd2 Nc6 4.
Ngf3 Nf6 5. e5 Nd7 6. Bd3 Nb4 7.
Be2 c5 8. c3 Nc6 9. O-O Be7 10.
a3 a5 11. b3 g5 12. Bb2 g4 13. Ne1 h5 14. Nc2 Qb6 15. Rb1 a4 16. b4 c4 17. Ne3 Bg5 18. Ndxc4 dxc4 19. Nxc4 Qc7 20. Nd6+ Kf8 21. f4 gxf3 22. Bxf3 Ndxe5 23. dxe5 Nxe5 24. c4 Bf4 25. c5 Rg8 26. Bxh5 Be3+ 27. Kh1 1-0

[Event "*** Titled Tuesday 3|2 Blitz"]
[Site "Chess.com"]
[Date "2017.03.07"]
[Round "7"]
[White "GMCanty"]
[Black "eldur16"]
[Result "0-1"]
[WhiteElo "2338"]
[BlackElo "2333"]
[TimeControl "180+2"]
[EndTime "14:33:56 PST"]
[Termination "eldur16 won by resignation"]

1. e4 c5 2. c3 d5 3. exd5 Qxd5 4.
d4 e6 5. Nf3 Nf6 6. Be2 Nc6 7.
O-O Be7 8. Be3 cxd4 9. Nxd4 Nxd4 10. Bxd4 O-O 11. Bf3 Qa5 12. Nd2 Qc7 13. Qe2 Bd6 14.
g3 e5 15. Be3 Bh3 16. Rfd1 Rfe8 17. Bg5 e4 18. Bh1 Bg4 19. Qe3 Bc5 20. Qf4 Qxf4 21.
Bxf4 Bxd1 22. Rxd1 Rad8 23. Rf1 e3 24. Nb3 exf2+ 25.
Kg2 Bb6 26. Nd4 Ne4 27. Kh3 Bxd4 28. cxd4 Rxd4 29. Bxe4 Rdxe4 30. Rxf2 Re2 31. Rf3 Rxb2 32. a3 h6 0-1

[Event "*** Titled Tuesday 3|2 Blitz"]
[Site "Chess.com"]
[Date "2017.03.07"]
[Round "7"]
[White "Andrejkin"]
[Black "SantoBlue"]
[Result "1-0"]
[WhiteElo "2277"]
[BlackElo "2413"]
[TimeControl "180+2"]
[EndTime "14:33:57 PST"]
[Termination "Andrejkin won by checkmate"]

1. d4 Nf6 2. c4 e6 3. Nf3 b6 4. a3 Bb7 5. Nc3 Be7 6. d5 O-O 7.
e4 exd5 8. cxd5 Re8 9. Bd3 c6 10. O-O cxd5 11. exd5 h6 12. Bf4 Nxd5 13. Nxd5 Bxd5 14.
Bc2 Bc4 15. Re1 Bf6 16. Bc7 Rxe1+ 17. Qxe1 Qe7 18. Be5 d5 19. Bxf6 Qxe1+ 20. Rxe1 gxf6 21.
Re8+ Kg7 22. Nd4 a5 23. Nf5+ Kg6 24. Rg8+ Kh7 25. Ne7+ f5 26. Bxf5# 1-0

[Event "*** Titled Tuesday 3|2 Blitz"]
[Site "Chess.com"]
[Date "2017.03.07"]
[Round "7"]
[White "DeviatkinAndrey"]
[Black "Cecile_Haussernot"]
[Result "1-0"]
[WhiteElo "2538"]
[BlackElo "2270"]
[TimeControl "180+2"]
[EndTime "14:34:10 PST"]
[Termination "DeviatkinAndrey won by resignation"]

1. e4 c5 2. c3 e6 3. d4 d5 4. exd5 exd5 5. Nf3 Nc6 6. Bb5 Bd7 7. O-O Nf6 8. Bg5 Be7 9. dxc5 Bxc5 10. Bxf6 Qxf6 11. Qxd5 b6 12. Nbd2 O-O-O 13. Ne4 Qe7 14. Bxc6 Be6 15. Qe5 f6 16. Qf4 f5 17. Nxc5 Qxc5 18. Nd4 Rd6 19. Rfe1 Bf7 20. Qxf5+ Qxf5 21. Nxf5 Rxc6 22. Ne7+ Kc7 23.
Nxc6 Kxc6 24. Re7 Bd5 25. Rxa7 1-0

[Event "*** Titled Tuesday 3|2 Blitz"]
[Site "Chess.com"]
[Date "2017.03.07"]
[Round "7"]
[White "SergeiAza"]
[Black "ZEN-22"]
[Result "1-0"]
[WhiteElo "2590"]
[BlackElo "2355"]
[TimeControl "180+2"]
[EndTime "14:34:10 PST"]
[Termination "SergeiAza won by checkmate"]

1. e4 c5 2. Nf3 Nf6 3. e5 Nd5 4. Nc3 Nb4 5. a3 N4c6 6. Bc4 a6 7.
O-O b5 8. Ba2 e6 9. Re1 Qc7 10.
d4 cxd4 11. Nxd4 Nxd4 12. Qxd4 Nc6 13. Qf4 Be7 14. Qg3 g6 15. Bf4 O-O 16. Ne4 Bb7 17.
Nf6+ Bxf6 18. exf6 e5 19. Qg5 Kh8 20. Re3 Qd6 21. Rh3 Nd4 22. Rxh7+ Kg8 23. Rg7+ Kh8 24. Qh6# 1-0

[Event "*** Titled Tuesday 3|2 Blitz"]
[Site "Chess.com"]
[Date "2017.03.07"]
[Round "7"]
[White "Rock700chess"]
[Black "JSMastropiero"]
[Result "1-0"]
[WhiteElo "2239"]
[BlackElo "2188"]
[TimeControl "180+2"]
[EndTime "14:34:24 PST"]
[Termination "Rock700chess won by resignation"]

1. e4 e6 2. d4 d5 3. Nd2 a6 4.
Ngf3 c5 5. c3 Nc6 6. e5 Nh6 7.
Bd3 cxd4 8. cxd4 Nf5 9. Nb3 Qb6 10. O-O Bd7 11. Bf4 Nfxd4 12. Nfxd4 Nxd4 13. Be3 Bc5 14. Nxc5 Qxc5 15. Qg4 O-O 16. Bxd4 Qe7 17. Rac1 Rfc8 18. h4 Qb4 19. a3 Qd2 20. Rcd1 Qa5 21. Qh5 h6 22. f4 Qa4 23. Bc3 d4 24. Bb4 a5 25. Be7 Qb4 26. axb4 1-0

[Event "*** Titled Tuesday 3|2 Blitz"]
[Site "Chess.com"]
[Date "2017.03.07"]
[Round "7"]
[White "denizozen"]
[Black "Yaacovn"]
[Result "0-1"]
[WhiteElo "2462"]
[BlackElo "2589"]
[TimeControl "180+2"]
[EndTime "14:34:33 PST"]
[Termination "Yaacovn won by resignation"]

1. e4 c6 2. d4 d5 3. Nc3 dxe4 4.
Nxe4 Nf6 5. Nxf6+ gxf6 6. c3 Qd5 7. Be3 Bf5 8. Qb3 Qxb3 9. axb3 Nd7 10. Ne2 Nb6 11. Ng3 Bg6 12. h4 h5 13. Ne2 Nd5 14. Nf4 Nxf4 15. Bxf4 e6 16. Be2 a6 17. O-O-O Kd7 18. Bf3 Bd6 19. Be3 a5 20. Be2 a4 21.
bxa4 Rxa4 22. Bd3 Bxd3 23. Rxd3 Ra1+ 0-1

[Event "*** Titled Tuesday 3|2 Blitz"]
[Site "Chess.com"]
[Date "2017.03.07"]
[Round "7"]
[White "macko06"]
[Black "jk13"]
[Result "0-1"]
[WhiteElo "2336"]
[BlackElo "2499"]
[TimeControl "180+2"]
[EndTime "14:34:49 PST"]
[Termination "jk13 won by resignation"]

1. e4 e5 2. Nf3 Nc6 3. Bb5 Nf6 4.
d3 Bc5 5. c3 d6 6. O-O O-O 7.
Re1 a6 8. Bxc6 bxc6 9. h3 Ba7 10. d4 exd4 11. cxd4 Re8 12. Nc3 h6 13. b3 Bb6 14.
a3 c5 15. dxc5 Bxc5 16. b4 Ba7 17. Bb2 Bb7 18. Qd3 Re6 19. Rad1 Qe7 20. Nd4 Bxe4 21. Nxe4 Rxe4 22. Nc6 Rxe1+ 0-1

[Event "*** Titled Tuesday 3|2 Blitz"]
[Site "Chess.com"]
[Date "2017.03.07"]
[Round "7"]
[White "Marreuh"]
[Black "Grebeniuk-S"]
[Result "0-1"]
[WhiteElo "2096"]
[BlackElo "2424"]
[TimeControl "180+2"]
[EndTime "14:35:05 PST"]
[Termination "Grebeniuk-S won by resignation"]

1. e4 d5 2. exd5 Qxd5 3. Nf3 Nf6 4.
d4 Bg4 5. Be2 Nc6 6. c4 Qd7 7.
Be3 e6 8. O-O Bd6 9. d5 exd5 10.
cxd5 Bxf3 11. Bxf3 Ne5 12. Nc3 O-O 13. g3 Nxf3+ 14.
Qxf3 Qg4 15. Qxg4 Nxg4 16. Bd4 a6 17. Ne4 Rfd8 18. f3 Be5 19. Bxe5 Nxe5 20. Nc3 Rd7 21. Rad1 Rad8 22. f4 Nc4 23. Rf2 Ne3 24. Rd3 Nxd5 25. Rfd2 Nf6 26. Rxd7 Rxd7 27. Re2 Kf8 28. Kf2 h5 29. h3 Rd3 30. Ne4 Nxe4+ 31. Rxe4 Rd2+ 0-1

[Event "*** Titled Tuesday 3|2 Blitz"]
[Site "Chess.com"]
[Date "2017.03.07"]
[Round "7"]
[White "FearlessKing64"]
[Black "RamonManon0g"]
[Result "1/2-1/2"]
[WhiteElo "2108"]
[BlackElo "2291"]
[TimeControl "180+2"]
[EndTime "14:35:26 PST"]
[Termination "Game drawn by repetition"]

1. e4 c5 2. Nf3 d6 3. d4 cxd4 4.
Nxd4 Nf6 5. f3 a6 6. c4 e5 7. Nc2 Be7 8. Nc3 O-O 9. Be3 Nc6 10.
Qd2 Be6 11. Rc1 Rc8 12. b3 h6 13. Be2 Nh5 14. O-O Bg5 15. Bxg5 hxg5 16. Rcd1 Qb6+ 17.
Kh1 Rcd8 18. Qxg5 g6 19. Nd5 Bxd5 20. exd5 Nb4 21. Nxb4 Qxb4 22. Bd3 Kg7 23. Bb1 Rh8 24. Rde1 Qb6 25. Re4 f6 26. Qh4 Nf4 27. Qe1 Rh6 28. Rxf4 exf4 29. Qe7+ Kg8 30. Qe6+ Kg7 31. Qe7+ Kg8 32.
Qe6+ Kg7 33. Qe7+ Kg8 34. Qe6+ Kg7 35. Qe7+ Kg8 1/2-1/2

[Event "*** Titled Tuesday 3|2 Blitz"]
[Site "Chess.com"]
[Date "2017.03.07"]
[Round "7"]
[White "quesfr"]
[Black "escher"]
[Result "1-0"]
[WhiteElo "2155"]
[BlackElo "2034"]
[TimeControl "180+2"]
[EndTime "14:35:30 PST"]
[Termination "quesfr won by resignation"]

1. e4 c5 2. c3 Nf6 3. e5 Nd5 4.
Nf3 Nc6 5. Bc4 Nb6 6. Bb3 d5 7. exd6 exd6 8. d4 cxd4 9. Nxd4 Nxd4 10. Qxd4 d5 11. O-O f6 12. Re1+ Be7 13. Nd2 O-O 14. Nf1 Re8 15. Bf4 Bf5 16. Rad1 Rc8 17. Bxd5+ Kh8 18.
Bxb7 1-0

[Event "*** Titled Tuesday 3|2 Blitz"]
[Site "Chess.com"]
[Date "2017.03.07"]
[Round "7"]
[White "GMMelik"]
[Black "bancsoo"]
[Result "1-0"]
[WhiteElo "2434"]
[BlackElo "2616"]
[TimeControl "180+2"]
[EndTime "14:35:36 PST"]
[Termination "GMMelik won by resignation"]

1. e4 e5 2. Nf3 Nc6 3. Bb5 a6 4.
Bxc6 dxc6 5. Nc3 f6 6. d4 exd4 7. Nxd4 c5 8. Nde2 Qxd1+ 9. Nxd1 Bd7 10. Bf4 O-O-O 11. Ne3 Ne7 12. O-O-O Bc6 13. Rxd8+ Kxd8 14. Rd1+ Kc8 15. f3 Ng6 16. Bg3 Be7 17. Nf5 Rg8 18.
Nf4 Bd8 19. Nh5 Ne7 20. Nhxg7 Nxf5 21. Nxf5 Bd7 22. Ne3 Be6 23. b3 h5 24. c4 Be7 25.
Kc2 b6 26. Rd2 Bd8 27. a4 Be7 28. Bh4 Bd8 29. Nd5 Rf8 30. e5 fxe5 31. Bxd8 Kxd8 32. Nf4+ 1-0

[Event "*** Titled Tuesday 3|2 Blitz"]
[Site "Chess.com"]
[Date "2017.03.07"]
[Round "7"]
[White "Smirnov_Pavel"]
[Black "vpantev"]
[Result "1-0"]
[WhiteElo "2648"]
[BlackElo "2465"]
[TimeControl "180+2"]
[EndTime "14:35:36 PST"]
[Termination "Smirnov_Pavel won by resignation"]

1. d4 Nf6 2. c4 e6 3. Nf3 Bb4+ 4.
Nbd2 b6 5. a3 Bxd2+ 6. Qxd2 Bb7 7. e3 a5 8. Be2 a4 9. O-O O-O 10. Rd1 d6 11. Qc2 Nbd7 12. Bd2 Qe7 13. Be1 Be4 14.
Qc3 Bb7 15. Nd2 Ne4 16. Nxe4 Bxe4 17. f3 Bb7 18. Bf2 f5 19. Rac1 Kh8 20. Qb4 Bc6 21.
Rd2 e5 22. Qc3 e4 23. f4 Bb7 24. Kh1 Qf7 25. Rg1 Nf6 26. d5 Bc8 27. h3 Bd7 28.
Bh4 h6 29. g4 Nh7 30. gxf5 Bxf5 31. Bh5 Qd7 32. Rdg2 Rg8 33. Kh2 Raf8 34. Rg3 Ra8 35. Bg6 Raf8 36. Qd4 Ra8 37. Bxf5 Qxf5 38. Rxg7 1-0

[Event "*** Titled Tuesday 3|2 Blitz"]
[Site "Chess.com"]
[Date "2017.03.07"]
[Round "7"]
[White "proxy6"]
[Black "Rbrrt"]
[Result "0-1"]
[WhiteElo "2158"]
[BlackElo "2128"]
[TimeControl "180+2"]
[EndTime "14:35:37 PST"]
[Termination "Rbrrt won by resignation"]

1. e4 c5 2. Nf3 Nc6 3. d4 cxd4 4.
Nxd4 Nf6 5. Nc3 e5 6. Ndb5 d6 7. Bg5 a6 8. Na3 b5 9. Nd5 Qa5+ 10. Bd2 Qd8 11. Bg5 Qa5+ 12. Bd2 Qd8 13. Nxf6+ Qxf6 14. c4 Qg6 15. f3 Be7 16. cxb5 Bh4+ 17. g3 Bxg3+ 18.
hxg3 Qxg3+ 19. Ke2 Nd4+ 20. Ke3 Bg4 21. Be2 f5 22.
Rg1 Qh2 23. fxg4 Qf4+ 24. Kd3 Qxe4+ 25. Kc3 Nxe2+ 26. Kb3 Nd4+ 27. Kc3 Rc8+ 28. Nc4 Ne2+ 0-1

[Event "*** Titled Tuesday 3|2 Blitz"]
[Site "Chess.com"]
[Date "2017.03.07"]
[Round "7"]
[White "Izoria123"]
[Black "Malev212"]
[Result "1-0"]
[WhiteElo "2566"]
[BlackElo "2476"]
[TimeControl "180+2"]
[EndTime "14:35:42 PST"]
[Termination "Izoria123 won by resignation"]

1. Nf3 e6 2. g3 f5 3. Bg2 Nf6 4. O-O Nc6 5. c4 d5 6. d4 Ne4 7. Nc3 Bb4 8. Qb3 Bxc3 9. bxc3 O-O 10. cxd5 exd5 11. Nd2 Na5 12. Qc2 Be6 13. f3 Nxd2 14. Bxd2 Nc4 15. Rae1 Qd7 16. Bf4 h6 17. h4 Rae8 18. e4 c6 19. exf5 Bxf5 20. Qc1 Bh3 21. Be5 Bxg2 22. Kxg2 Qf5 23. f4 Re6 24. Qd1 h5 25. g4 hxg4 26. Kg3 Rfe8 27. Rf2 Nd6 28. Rfe2 Ne4+ 29. Rxe4 dxe4 30. Qe2 g6 31. Qxe4 Qxe4 32. Rxe4 b5 33. Kxg4 R6e7 34. Kg5 Kf7 35. Re2 Ke6 36.
Bf6+ 1-0

[Event "*** Titled Tuesday 3|2 Blitz"]
[Site "Chess.com"]
[Date "2017.03.07"]
[Round "7"]
[White "Elshan1985"]
[Black "Generalas"]
[Result "1-0"]
[WhiteElo "2495"]
[BlackElo "2174"]
[TimeControl "180+2"]
[EndTime "14:35:55 PST"]
[Termination "Elshan1985 won by resignation"]

1. d4 Nf6 2. Nf3 g6 3. c4 Bg7 4. Nc3 O-O 5. e4 c5 6. d5 d6 7. h3 b5 8. cxb5 a6 9. bxa6 Nxa6 10. Be2 e6 11. dxe6 fxe6 12. O-O Bb7 13. Bg5 h6 14.
Bxf6 Bxf6 15. e5 dxe5 16. Qb3 Qe7 17. Rfd1 e4 18. Nd2 Bxc3 19. Qxc3 Nb4 20. a3 Nd5 21. Qg3 Nf4 22. Bf1 Qg7 23. Rac1 Ba6 24. Nc4 Rad8 25. Rxd8 Rxd8 26. Qxf4 Qd4 27. Qxh6 Rf8 28.
Qxg6+ Kh8 29. Qh6+ Kg8 30. Qxe6+ Kh8 31. Qh6+ Kg8 32. Qxa6 Rxf2 33. Qg6+ Kh8 34. Qh6+ Kg8 35. Qg5+ Kf8 36. Qe3 1-0

[Event "*** Titled Tuesday 3|2 Blitz"]
[Site "Chess.com"]
[Date "2017.03.07"]
[Round "7"]
[White "Vamostodorecto"]
[Black "A-Fier"]
[Result "1-0"]
[WhiteElo "2398"]
[BlackElo "2499"]
[TimeControl "180+2"]
[EndTime "14:35:56 PST"]
[Termination "Vamostodorecto won by resignation"]

1. d4 Nf6 2. c4 g6 3. Nc3 Bg7 4.
e4 O-O 5. Be2 d6 6. Nf3 e5 7. O-O Nc6 8. d5 Ne7 9. Ne1 Nd7 10. Be3 f5 11. f3 f4 12. Bf2 g5 13. Rc1 Ng6 14. c5 Nxc5 15. b4 Na6 16. Nd3 Rf7 17. a4 Bd7 18. Nb5 Qb8 19. Na3 Qe8 20. b5 Nb8 21. Rxc7 h5 22. Rxb7 Qc8 23.
Rxa7 Rxa7 24. Bxa7 g4 25. Qc2 Qd8 26. Rc1 g3 27.
Kh1 gxh2 28. Qc7 Qg5 29. Qxb8+ Kh7 30. Bf1 h4 31. Nf2 h3 32. Nxh3 Bxh3 33. gxh3 Nh4 34.
Qc8 Rxa7 35. Qg4 Nxf3 36. Qxg5 Nxg5 37. b6 Rb7 38. a5 Nxe4 39. Nc4 f3 40. Bd3 1-0

[Event "*** Titled Tuesday 3|2 Blitz"]
[Site "Chess.com"]
[Date "2017.03.07"]
[Round "7"]
[White "1e41-0"]
[Black "AlexanderL"]
[Result "0-1"]
[WhiteElo "2330"]
[BlackElo "2563"]
[TimeControl "180+2"]
[EndTime "14:36:12 PST"]
[Termination "AlexanderL won by checkmate"]

1. e4 e5 2. f4 Bc5 3. Nf3 d6 4.
c3 Nf6 5. d4 exd4 6. cxd4 Bb4+ 7. Bd2 Bxd2+ 8. Nbxd2 O-O 9. Bd3 c5 10. O-O cxd4 11. e5 Nd5 12. Bxh7+ Kxh7 13. Ng5+ Kg8 14. Qh5 Bf5 15. Rf3 f6 16. g4 fxg5 17. gxf5 Nxf4 18.
Rxf4 gxf4 19. Ne4 Qe8 20. Nf6+ gxf6 21. Qg4+ Kf7 22. e6+ Ke7 23. Qg7+ Kd8 24. Qxb7 Rg8+ 25. Kf2 Qc6 26. e7+ Ke8 27. Qb3 Qg2+ 28. Ke1 Qg1+ 29. Ke2 Qe3+ 30. Qxe3 fxe3 31. Rd1 Nc6 32. Rc1 Ne5 33. Rc7 Rg2+ 34. Kf1 Rf2+ 35. Ke1 Nf3+ 36. Kd1 e2+ 37. Kc2 e1=Q+ 38. Kb3 Rb8+ 39. Ka3 Qa5# 0-1

[Event "*** Titled Tuesday 3|2 Blitz"]
[Site "Chess.com"]
[Date "2017.03.07"]
[Round "7"]
[White "Jadeit90"]
[Black "arna"]
[Result "0-1"]
[WhiteElo "2146"]
[BlackElo "2250"]
[TimeControl "180+2"]
[EndTime "14:36:19 PST"]
[Termination "arna won by resignation"]

1. e4 e6 2. d4 d5 3. exd5 exd5 4.
Nf3 Nc6 5. c4 Nf6 6. Nc3 Bb4 7.
Be2 O-O 8. O-O h6 9. a3 Bxc3 10. bxc3 Bf5 11. Qb3 Na5 12. Qb4 Nxc4 13. Qxb7 Re8 14.
Bxc4 dxc4 15. Ne5 Be6 16. a4 Bd5 17. Qa6 Re6 18. Qa5 Rb6 19. Ba3 Ne4 20. Be7 Qxe7 21. Qxd5 Rd8 22. Qxe4 f6 23. a5 Rb3 24. Qc6 fxe5 25.
Qxc4+ Qf7 26. Qc5 exd4 27. cxd4 a6 28. Rfc1 Rd7 29. Rc2 Rd3 30. Qc6 Rd6 31. Qa8+ Kh7 32. Qa7 R3xd4 33. Rxc7 Rd1+ 0-1